 Dungeon Crawl Stone Soup version 0.29-a0-11-ga75d3d97ab (webtiles) character file.

Game seed: 6794056025710780163

88 horus123 the Skirmisher (level 4, -3/37 HPs)
             Began as a Human Monk on Jan 29, 2022.
             Succumbed to an adder's poison
             ... on level 2 of the Dungeon.
             The game lasted 00:02:59 (1535 turns).

horus123 the Skirmisher (Human Monk)                Turns: 1535, Time: 00:03:00

Health: -3/37      AC:  2    Str: 13    XL:     4   Next: 81%
Magic:  7/7        EV: 13    Int: 10    God:
Gold:   25         SH:  0    Dex: 16    Spells: 6/7 levels left

rFire   . . .      SeeInvis .   a - +0 mace
rCold   . . .      Faith    .   (no shield)
rNeg    . . .      Spirit   .   b - +0 robe
rPois   .          Reflect  .   (no helmet)
rElec   .          Harm     .   (no cloak)
rCorr   .          Rampage  .   (no gloves)
Will    .....                   (no boots)
Stlth   ++........              f - amulet of magic regeneration
HPRegen 0.12/turn               (no ring)
MPRegen 0.50/turn               (no ring)

@: lethally poisoned (-3 -> -20), flying
A: no striking features
a: no special abilities


You were on level 2 of the Dungeon.
You visited 1 branch of the dungeon, and saw 2 of its levels.

You collected 25 gold pieces.

Inventory:

Hand Weapons
 a - a +0 mace (weapon)
Armour
 b - a +0 robe (worn)
 c - a +0 ring mail
Jewellery
 f - an amulet of magic regeneration (around neck)
Scrolls
 d - a scroll of enchant weapon {unknown}
Potions
 e - a potion of heal wounds {unknown}
 g - a potion of flight
 h - a potion of mutation {unknown}


   Skills:
 - Level 4.0 Fighting
 - Level 3.0 Maces & Flails
 - Level 1.3 Armour
 - Level 3.0 Dodging
 - Level 2.0 Stealth
 + Level 2.1 Spellcasting


You had 6 spell levels left.
You knew the following spells:

 Your Spells              Type           Power      Damage    Failure   Level
a - Foxfire               Conj/Fire      4%         2x1d4     30%         1

Your spell library contained the following spells:

 Spells                   Type           Power      Damage    Failure   Level
 Conjure Flame            Conj/Fire      1%         6-21      67%         3
 Inner Flame              Hex/Fire       1%         N/A       67%         3
 Flame Wave               Conj/Fire      1%         2d4       97%         4


Dungeon Overview and Level Annotations

Branches:
Dungeon (2/15)

Altars:


Message History

You kill the adder!
You feel very sick.
Your Spellcasting skill increases to level 2!
You feel sick.
You see here an adder corpse.
You start resting.
Magic restored.
You feel sick.
You start resting.
You feel sick. x3
An adder comes into view.
An adder is nearby!
You feel sick.
The teleport trap disappears.
The adder disappears!
The adder reappears nearby!
You feel sick.
You feel sick.
You are no longer poisoned.
You start resting.
An adder is nearby!
The adder hisses angrily.
The adder barely misses you.
You completely miss the adder. The adder bites you. x2
You are poisoned.
The adder poisons you!
You miss the adder.
You feel sick. The adder bites you.
You are more poisoned.
The adder poisons you! The adder barely misses you.
You hit the adder.
The adder is severely wounded.
You feel sick. The adder misses you.
You barely miss the adder.
The adder is severely wounded.
You feel sick. The adder bites you.
* * * LOW HITPOINT WARNING * * *
You are more poisoned.
The adder poisons you! The adder bites you.
* * * LOW HITPOINT WARNING * * *
You are more poisoned.
The adder poisons you!
It was a potion of flight.
You feel very buoyant.
You fly up into the air.
You die...

#......#
#.....†#
######......#
#....'......#
######......#
#......#
#......#
#......#
#.S@...#
#...#########
#....†.....§.
#............
#........S...
#............
#............
#............
#############


You could see an adder.

Vanquished Creatures
  Jessica (D:2)
  2 adders (D:2)
  6 ball pythons
  4 endoplasms (D:1)
  A goblin (D:1)
  5 hobgoblins (D:1)
  9 jackals
  2 quokkas (D:1)
  3 bats
  7 rats (D:1)
40 creatures vanquished.

Notes
Turn   | Place    | Note
-------+----------+-------------------------------------------
     0 | D:1      | horus123 the Human Monk began the quest for the Orb.
     0 | D:1      | Reached XP level 1. HP: 18/18 MP: 1/1
   246 | D:1      | Reached XP level 2. HP: 22/24 MP: 2/2
   380 | D:1      | Reached XP level 3. HP: 21/30 MP: 3/3
   612 | D:1      | Reached skill level 4 in Fighting
   766 | D:1      | Reached skill level 1 in Armour
  1026 | D:2      | Found a faded altar of an unknown god.
  1047 | D:1      | Learned a level 1 spell: Foxfire
  1109 | D:2      | Noticed Jessica
  1125 | D:2      | Killed Jessica
  1126 | D:2      | Reached skill level 1 in Spellcasting
  1126 | D:2      | Reached XP level 4. HP: 9/37 MP: 3/6
  1534 | D:2      | HP: 1/37 [adder (2)]
  1535 | D:2      | Succumbed to an adder's poison

Illustrated notes

Levels and vault maps discovered:
D:1:      heliophobic_arrival_glass_houses, layout_loops_cross,
          chequers_serial_rivers_marsh, minmay_misc_feat_chi
D:2:      layout_basic, serial_shops, nicolae_shop_bloodbath_and_beyond,
          nicolae_ecumenical_oubliette, kennysheep_cross_bottleneck,
          uniq_jessica

Skill      XL: |  1  2  3  4 |
---------------+-------------+-----
Fighting       | 4 |  4.0
Armour         | 1 |  1.3
Spellcasting   | 1 2 |  2.1
Maces & Flails | |  3.0
Dodging        | |  3.0
Stealth        | |  2.0

Action                   |  1- 3 |  4- 6 || total
-------------------------+-------+-------++-------
Melee: Mace              |   106 |    21 ||   127
       Punch             |     1 |       ||     1
  Use: Potion            |       |     1 ||     1
 Stab: Sleeping          |     5 |     1 ||     6
Armor: Ring mail         |    41 |       ||    41
       Robe              |       |     2 ||     2
Dodge: Dodged            |    66 |    20 ||    86

Table legend: (Time is in decaauts)
 A = Elapsed time spent in this place.
 B = Non-inter-level travel time spent in this place.
 C = Inter-level travel time spent in this place.
 D = Time resting spent in this place.
 E = Time spent auto-exploring this place.
 F = Levels seen in this place.
 G = Mean time per level.
                   A        B        C        D        E       F      G
               +--------+--------+--------+--------+--------+-----+--------+
         Total |   1570 |   1533 |     37 |    360 |    737 |   2 |  785.0 |
       Dungeon |   1570 |   1533 |     37 |    360 |    737 |   2 |  785.0 |
               +--------+--------+--------+--------+--------+-----+--------+

Top non-repeatable levels by time:
     D:1: 1113 daAuts
     D:2: 456 daAuts
